 Dungeon Crawl Stone Soup version 0.28-a0-695-gff097466f2 (webtiles) character file.

Game seed: 14113627905918739906

116539 Leszczynek the Severer (level 16, -2/204 HPs)
             Began as a Human Gladiator on Oct 14, 2021.
             Was an Initiate of Gozag.
             Slain by a faun (33 damage)
             ... led by a satyr
             ... on level 4 of the Shoals on Oct 22, 2021.
             The game lasted 02:21:21 (16122 turns).

Leszczynek the Severer (Human Gladiator)           Turns: 16122, Time: 02:21:21

Health: -2/204     AC: 32    Str: 18    XL:     16   Next: 89%
Magic:  14/24      EV:  2    Int: 13    God:    Gozag
Gold:   1302       SH:  0    Dex: 16    Spells: 22/25 levels left

rFire   + . .      SeeInvis .   a - +4 war axe "Xuerghas" {flame, rCorr Int+2 Stlth-}
rCold   + + .      Faith    .   Z - +2 buckler
rNeg    . . .      Spirit   .   (armour currently unavailable)
rPois   +          Reflect  .   (helmet currently unavailable)
rElec   +          Harm     .   (cloak currently unavailable)
rCorr   +          Rampage  .   (gloves currently unavailable)
Will    +....      NoTele   +   (boots currently unavailable)
Stlth   ..........              j - amulet of Doubts {Acrobat rC+}
HPRegen 0.44/turn               e - +4 ring of evasion
MPRegen 0.19/turn               R - +4 ring of protection

@: mighty, tree-form, resistant, sleeping, gold aura, attractive
A: stationary, stasis, torment immunity, boosted hp
}: 1/15 runes: barnacled
a: End Transformation, Renounce Religion, Potion Petition, Call Merchant, Bribe
Branch


You were on level 4 of the Shoals.
You worshipped Gozag.
Gozag was most pleased with you.
You were a tree.
You visited 5 branches of the dungeon, and saw 25 of its levels.
You also visited: Gauntlet and Ice Cave.

You collected 7867 gold pieces.
You spent 4059 gold pieces at shops.
You paid 2506 gold pieces to Gozag.

Inventory:

Hand Weapons
 a - the +4 war axe "Xuerghas" (weapon) {flame, rCorr Int+2 Stlth-}
   (You bought it in a shop on level 1 of the Orcish Mines)

   It burns those it strikes, dealing additional fire damage.
   Big, fiery blades are also staple armaments of hydra-hunters.
   Int:       It affects your intelligence (+2).
   rCorr:     It protects you from acid and corrosion.
   Stlth:     It makes you less stealthy.
 d - a +4 hunting sling
 I - a +0 long sword
 N - a +4 battleaxe
Missiles
 i - 159 bolts
 q - 5 throwing nets
 z - 5 silver javelins
 L - 91 sling bullets
 Q - 5 curare-tipped darts (quivered)
Armour
 f - the +0 crystal plate armour of Forking Paths {rPois rF++ rC+ SInv}
   (You found it on level 4 of the Shoals)

   rF:        It greatly protects you from fire.
   rC:        It protects you from cold.
   rPois:     It protects you from poison.
   SInv:      It lets you see invisible.
 h - the +0 pair of gloves of Insurance (melded) {Contam rPois Will+++ Regen+}
   (You found it in a Gauntlet)

   rPois:     It protects you from poison.
   Contam:    It causes magical contamination when unequipped.
   Regen:     It increases your rate of health regeneration.
   Will:      It greatly increases your willpower.
 o - a +2 helmet (melded)
 E - a +2 pair of boots (melded)
 F - a +2 cloak (melded)
 S - the +3 ring mail of the Barber Surgeon (melded) {MP-9 Str+4 Int+8 Stlth+}
   (You bought it in a shop on level 2 of the Orcish Mines)

   Str:       It affects your strength (+4).
   Int:       It affects your intelligence (+8).
   MP:        It affects your magic capacity (-9).
   Stlth:     It makes you more stealthy.
 Z - a +2 buckler (worn)
Jewellery
 e - a +4 ring of evasion (left branch)
 j - the amulet of Doubts (around neck) {Acrobat rC+}
   (You found it in a Gauntlet)

   [amulet of the acrobat]

   It increases your evasion while moving and waiting.
   rC:        It protects you from cold.
 n - a +6 ring of dexterity
 p - a ring of resist corrosion
 R - a +4 ring of protection (right branch)
 Y - a ring of protection from cold
Wands
 b - a wand of mindburst (9)
 r - a wand of iceblast (16)
 s - a wand of paralysis (4)
 u - a wand of polymorph (14)
 J - a wand of digging (3)
 T - a wand of flame (72)
Scrolls
 k - 2 scrolls of vulnerability {!r}
 m - 2 scrolls of silence {!r}
 x - 2 scrolls of magic mapping
 y - 2 scrolls of holy word {!r}
 B - 10 scrolls of teleportation
 G - 2 scrolls of immolation {!r}
 K - 5 scrolls of fog
 M - 2 scrolls of torment {!r}
 P - 2 scrolls of blinking
 U - 2 scrolls of enchant weapon
 W - a scroll of brand weapon
Potions
 c - 3 potions of mutation {!q}
 g - 6 potions of might
 l - 2 potions of brilliance
 t - 2 potions of cancellation
 v - 3 potions of flight
 w - 2 potions of attraction
 A - 8 potions of haste
 C - a potion of resistance
 D - 2 potions of lignification {!q}
 H - 6 potions of curing {@q1}
 O - 4 potions of heal wounds {@q2}
 V - 2 potions of ambrosia
 X - 3 potions of magic


   Skills:
 + Level 15.4 Fighting
 - Level 18.0 Axes
 - Level 2.3 Throwing
 - Level 8.0 Dodging
 - Level 4.0 Shields
 + Level 5.4 Spellcasting
 - Level 4.0 Necromancy
 + Level 13.2 Transmutations


You had 22 spell levels left.
You knew the following spells:

 Your Spells              Type           Power      Damage    Failure   Level
a - Wereblood             Tmut           37%        N/A       1%          2
b - Animate Skeleton      Necr           26%        N/A       3%          1

Your spell library contained the following spells:

 Spells                   Type           Power      Damage    Failure   Level
 Blade Hands              Tmut           18%        N/A       2%          5
 Pain                     Necr           52%        1d6       3%          1
 Sublimation of Blood     Necr           6%         N/A       5%          2
 Vampiric Draining        Necr           6%         2d6       11%         3
 Corpse Rot               Necr/Air       16%        N/A       12%         2
 Foxfire                  Conj/Fire      12%        2x1d4     19%         1
 Freeze                   Ice            12%        1d4       19%         1
 Summon Small Mammal      Summ           12%        N/A       19%         1
 Ensorcelled Hibernation  Hex/Ice        6%         N/A       26%         2
 Poisonous Vapours        Pois/Air       6%         N/A       26%         2
 Dispel Undead            Necr           13%        3d9       34%         4
 Call Canine Familiar     Summ           3%         N/A       47%         3
 Frozen Ramparts          Ice            6%         1d2       47%         3
 Portal Projectile        Hex/Tloc       6%         N/A       47%         3
 Summon Guardian Golem    Hex/Summ       3%         N/A       47%         3
 Tukima's Dance           Hex            3%         N/A       47%         3
 Agony                    Necr           13%        N/A       67%         5
 Excruciating Wounds      Necr           6%         N/A       67%         5
 Hailstorm                Conj/Ice       3%         3d3       87%         4
 Death Channel            Necr           6%         N/A       99%         6
 Storm Form               Tmut/Air       10%        N/A       100%        7
 Summon Hydra             Summ           1%         N/A       100%        7
 Maxwell's Capacitive Co  Air            1%         ∞         100%        8


Dungeon Overview and Level Annotations

Branches:
Dungeon (12/15)            Temple (1/1) D:5            Lair (6/6) D:10
 Shoals (4/4) Lair:3          Orc (2/2) D:9             Elf (0/3) Orc:2
  IceCv (visited)         Gauntlet (visited)
  Snake: Lair:2-4    Spider: Lair:2-4     Slime: Lair:5-6

Altars:
Ashenzari
Cheibriados
Gozag
Nemelex Xobeh
Sif Muna
Uskayaw
Vehumet

Shops:
D:3 ![[*   D:7 :   D:8 ?*   Orc:1 (   Orc:2 [!*[*   Shoals:1 *

Annotations:
D:5 Prince Ribbit
D:11 Gastronok
Lair:3 snake
Shoals:3 Polyphemus
Orc:1 2 transporters, Kuippoag's ghost, journeyman DrBe


Message History

Really quaff the potion of attraction?
You feel attractive to monsters.
A nearby plant withers and dies.
The satyr is attracted toward you. The merfolk is attracted toward you.
The faun is attracted toward you.
Unknown command.
The merfolk shouts!
You hit the satyr. You burn the satyr.
The satyr is moderately wounded.
You slash the faun! You burn the faun. You hit the merfolk.
You burn the merfolk.
The merfolk is no longer distracted by gold.
The satyr shoots an arrow.
The arrow hits you.
The merfolk is distracted by your dazzling golden aura.
You block the faun's attack.
The merfolk shouts!
Unknown command.
You miss the satyr.
The satyr is moderately wounded.
You slash the merfolk! You burn the merfolk.
The merfolk is no longer distracted by gold.
You slash the faun! You burn the faun. The merfolk hits you with a +0 trident!
* * * LOW HITPOINT WARNING * * *
The faun unwields a +0 hunting sling.
The faun wields a +0 spear.
You block the faun's attack.
The satyr plays a frightful melody on his pipes!
The satyr radiates an aura of fear!
You resist with some effort. The merfolk hits you with a +0 trident.
* * * LOW HITPOINT WARNING * * *
Unknown command.
You slash the satyr! You burn the satyr.
The satyr is heavily wounded.
You slash the faun! You burn the faun. You slash the merfolk!
You burn the merfolk. You block the faun's attack.
The merfolk hits you with a +0 trident!
* * * LOW HITPOINT WARNING * * *
The satyr plays a lulling melody on his pipes!
You fall asleep.
The faun hits you with a +0 spear!!
You die...
Your body crumbles into a pile of gold.

≈≈P≈≈≈≈≈≈≈≈≈≈≈≈≈#PPP.≈≈≈≈≈≈≈
#≈#≈≈.........###P##.PP..≈≈≈
≈≈≈≈≈≈≈..........##P.........≈
≈≈≈≈≈≈.........P.P......P.....
≈≈≈≈...........P........).....
≈≈≈≈....$$....................
≈≈≈≈...................P......
≈≈≈≈............P......P.P....
≈≈≈≈........c♣<.(.)..P##..[..)
≈≈≈≈.......ccm..(..##.###.....
......≈≈≈.§..§<....PPP#≈......
......≈≈≈≈............≈≈......
.......≈≈≈≈...........≈≈≈.....
...P."..≈≈≈≈.........≈≈≈≈≈≈≈≈≈
#..c.P..≈≈≈.........≈≈≈≈≈≈≈≈≈≈
#..P#.............≈≈≈≈≈≈≈≈≈≈≈≈
...c#............≈≈≈≈≈≈≈≈≈≈≈≈≈


You could see a satyr, a merfolk (fast) and 2 fauns.

Vanquished Creatures
  Kirke (Lair:4)
  A minotaur (Gauntlet)
  3 merfolk impalers
  An ettin (Orc:2)
  A merfolk javelineer (Shoals:4)
  Josephine (D:10)
  A boulder beetle (Lair:2)
  3 hydras
  2 ogre magi (Orc:2)
  11 two-headed ogres
  A merfolk avatar (Shoals:4)
  An alligator snapping turtle (Shoals:3)
  10 death yaks
  A merfolk aquamancer (Shoals:3)
  3 satyrs
  A fire crab (Gauntlet)
  2 iron trolls (Orc:2)
  11 sea snakes
  A wizard (Gauntlet)
  A lindwurm (Lair:6)
  A necromancer (Gauntlet)
  12 harpies
  5 cyclopes
  10 fauns
  An orc sorcerer (Orc:2)
  9 ugly things
  10 manticores
  A wolf spider (Lair:6)
  3 water nymphs
  9 elephants
  4 black mambas
  2 merfolk sirens (Shoals:1)
  7 cane toads
  An unseen horror (D:12)
  2 torpor snails (Lair:3)
  4 rime drakes
  A yaktaur (Shoals:1)
  7 komodo dragons
  3 freezing wraiths (IceCv)
  2 anaconda simulacra (IceCv)
  2 entropy weaver simulacra (IceCv)
  3 ice devils (IceCv)
  14 trolls
  16 merfolk
  4 polar bears
  A wind drake (Shoals:4)
  5 hornets (Lair:6)
  3 slime creatures
  5 dream sheep
  5 snapping turtles
  17 blink frogs
  5 water elementals
  6 wraiths
  A vampire (D:12)
  A wyvern (D:9)
  3 dire elephant simulacra (IceCv)
  32 yaks
  5 fire bats (Gauntlet)
  15 spriggans (Lair:6)
  6 hogs (Lair:4)
  A basilisk (Lair:3)
  Grum (D:11)
  A steam dragon (D:7)
  3 vampire mosquitoes (D:11)
  6 nagas (Lair:3)
  2 acid dragons
  2 wargs (Orc:2)
  9 water moccasins
  2 hell hounds (Gauntlet)
  6 orc warriors
  An ice beast (D:6)
  An alligator simulacrum (IceCv)
  A sky beast (D:6)
  A necrophage (D:6)
  6 black bears
  23 ogres
  21 wolves
  3 boggarts (Lair:6)
  8 centaurs
  3 kobold brigands
  8 bullfrogs
  A gnoll sergeant (D:9)
  2 scorpions (D:6)
  2 water moccasin zombies (D:5)
  A wyvern zombie (D:5)
  A water moccasin skeleton (D:4)
  5 killer bees (D:10)
  A lindwurm simulacrum (IceCv)
  11 wights
  A howler monkey (D:10)
  3 centaur zombies
  A bullfrog skeleton (D:6)
  2 bullfrog zombies (D:6)
  2 gnoll shamans
  7 orc priests
  2 hounds
  3 jellies
  Crazy Yiuf (D:4)
  14 orc wizards
  3 hell rats (Lair:2)
  2 killer bee zombies
  A hound zombie (D:5)
  A hound skeleton (D:4)
  A howler monkey zombie (D:6)
  12 gnolls
  9 adders
  5 river rats (Lair:2)
  A shadow imp (Gauntlet)
  A white imp (Gauntlet)
  An ufetubus (D:5)
  2 worms
  4 dart slugs
  39 orcs
  5 endoplasms
  3 giant cockroaches
  5 goblins
  6 hobgoblins
  3 jackals
  27 kobolds
  A quokka (D:1)
  6 ball pythons
  3 bats
  A quokka skeleton (D:4)
  8 rats
619 creatures vanquished.

Vanquished Creatures (others)
  A two-headed ogre (Orc:2)
  An orc (D:7)
  23 fungi
  173 plants
198 creatures vanquished.

Grand Total: 817 creatures vanquished

Notes
Turn   | Place    | Note
-------+----------+-------------------------------------------
     0 | D:1      | Leszczynek the Human Gladiator began the quest for the Orb.
     0 | D:1      | Reached XP level 1. HP: 16/16 MP: 1/1
     0 | D:1      | actually i should have played that one
     0 | D:1      | the sif game
     0 | D:1      | might have been useful for SOMETHING, maybe
     0 | D:1      | (probably not)
    94 | D:1      | Reached XP level 2. HP: 9/22 MP: 2/2
   301 | D:1      | Reached XP level 3. HP: 26/28 MP: 3/3
   410 | D:2      | Found a faded altar of an unknown god.
   432 | D:2      | vehumet let' sgo
   432 | D:2      | Prayed at the altar of an unknown god.
   432 | D:2      | Became a worshipper of Gozag Ym Sagoz the Greedy
   433 | D:2      | what, again
   433 | D:2      | :/
   652 | D:2      | Reached skill level 4 in Axes
   713 | D:3      | Found Qennomat's Armour Boutique.
   723 | D:3      | Reached XP level 4. HP: 31/34 MP: 4/4
   853 | D:3      | Found Ebuqil's Armour Emporium.
   953 | D:2      | HP: 6/32 [poisoned by an adder]
  1145 | D:3      | Found Jysiz's Distillery.
  1152 | D:3      | Bought a potion of invisibility for 96 gold pieces
  1152 | D:3      | Bought a potion of heal wounds for 60 gold pieces
  1171 | D:3      | man those armor shops
  1322 | D:3      | Reached skill level 5 in Axes
  1322 | D:3      | Reached XP level 5. HP: 29/39 MP: 5/5
  1367 | D:3      | ok, so polymorph is great against gnolls
  1378 | D:3      | i might have known that in the past
  1378 | D:3      | but i have long since forgotten
  1378 | D:3      | Upgraded the game from 0.28-a0-662-g1651b1f1e0 to
                  | 0.28-a0-691-gad6df49e81
  1405 | D:3      | HP: 4/39 [worm (7)]
  1608 | D:3      | Found Huajuas's Assorted Antiques.
  1759 | D:3      | Bought an iridescent hand axe for 136 gold pieces
  1759 | D:3      | Identified the +9 hand axe of Ogiu {vorpal, rPois rCorr
                  | Str+3 Int+3} (You bought it in a shop on level 3 of the
                  | Dungeon)
  1759 | D:3      | huhhh
  1759 | D:3      | not bad
  1794 | D:4      | in other words, gozag can be fine, if you get a decent shop
                  | at d:3
  1869 | D:4      | Reached XP level 6. HP: 44/45 MP: 6/6
  1956 | D:5      | Entered Level 5 of the Dungeon
  1956 | D:5      | Noticed Prince Ribbit
  2009 | D:4      | Reached skill level 6 in Axes
  2038 | D:4      | Found a runed translucent door.
  2039 | D:4      | Noticed Crazy Yiuf
  2047 | D:4      | Killed Crazy Yiuf
  2164 | D:5      | Noticed an ogre
  2173 | D:5      | Killed an ogre
  2174 | D:5      | Reached XP level 7. HP: 30/51 MP: 7/7
  2179 | D:5      | Reached skill level 7 in Axes
  2383 | D:5      | Reached skill level 8 in Axes
  2393 | D:5      | Noticed a water moccasin
  2410 | D:5      | Killed a water moccasin
  2411 | D:5      | Reached XP level 8. HP: 33/57 MP: 8/8
  2425 | D:5      | nice rpois
  2425 | D:5      | deep red in two hits
  2490 | D:5      | Found a shimmering blue altar of Sif Muna.
  2760 | D:6      | Identified the +4 falchion "Kire" {freeze, +Blink}
  2875 | D:6      | Reached skill level 9 in Axes
  3059 | D:6      | Reached skill level 10 in Axes
  3179 | D:6      | Reached XP level 9. HP: 55/62 MP: 9/9
  3256 | D:5      | Found a staircase to the Ecumenical Temple.
  3265 | Temple   | Entered the Ecumenical Temple
  3444 | D:3      | Bought a scroll labelled ZIGREO TARCH for 17 gold pieces
  3444 | D:3      | Bought a pair of runed gloves for 127 gold pieces
  3444 | D:3      | Bought a scroll labelled IJEVUUVUEHA for 17 gold pieces
  3444 | D:3      | Bought a blackened fluorescent amulet for 85 gold pieces
  3444 | D:3      | Bought 2 scrolls labelled ZIGREO TARCH for 34 gold pieces
  3444 | D:3      | Bought a bubbling brown potion for 15 gold pieces
  3444 | D:3      | Bought a glowing pearl ring for 85 gold pieces
  3444 | D:3      | Bought a scroll of blinking for 127 gold pieces
  3697 | D:6      | Reached skill level 3 in Fighting
  3790 | D:7      | Reached skill level 4 in Fighting
  4094 | D:7      | Reached skill level 5 in Fighting
  4224 | D:8      | Reached skill level 6 in Fighting
  4344 | D:8      | Reached skill level 7 in Fighting
  4371 | D:7      | Found Jucir's Book Emporium.
  4436 | D:7      | Reached XP level 10. HP: 51/80 MP: 10/10
  4575 | D:8      | Found Nisar's Magic Scroll Emporium.
  4603 | D:8      | Reached skill level 8 in Fighting
  4662 | D:8      | Bought a scroll of teleportation for 42 gold pieces
  4662 | D:8      | Bought a scroll of enchant armour for 105 gold pieces
  4662 | D:8      | Bought a scroll of enchant armour for 105 gold pieces
  4662 | D:8      | Bought 3 scrolls of identify for 84 gold pieces
  4662 | D:8      | Bought a scroll of enchant armour for 105 gold pieces
  4662 | D:8      | Bought a scroll of identify for 28 gold pieces
  4689 | D:8      | Found Numeasaw's General Store.
  4787 | D:9      | Reached skill level 4 in Dodging
  4879 | D:10     | Entered Level 10 of the Dungeon
  4908 | D:9      | Reached skill level 5 in Dodging
  4927 | D:9      | Learned a level 2 spell: Wereblood
  4972 | D:9      | Reached skill level 11 in Axes
  5050 | D:9      | Noticed a manticore
  5068 | D:9      | Killed a manticore
  5069 | D:9      | Reached skill level 1 in Transmutations
  5167 | D:9      | Noticed a two-headed ogre
  5175 | D:9      | Killed a two-headed ogre
  5176 | D:9      | Reached skill level 2 in Transmutations
  5361 | D:10     | Upgraded the game from 0.28-a0-691-gad6df49e81 to
                  | 0.28-a0-695-gff097466f2
  5459 | D:10     | Noticed Josephine
  5460 | D:10     | ugh
  5479 | D:10     | Killed Josephine
  5480 | D:10     | Reached skill level 9 in Fighting
  5480 | D:10     | Reached skill level 12 in Axes
  5480 | D:10     | Reached skill level 3 in Transmutations
  5480 | D:10     | Reached XP level 11. HP: 84/89 MP: 9/11
  5484 | D:10     | Reached skill level 1 in Shields
  5487 | D:10     | Reached skill level 2 in Shields
  5506 | D:10     | Reached skill level 3 in Shields
  5583 | D:10     | Reached skill level 4 in Shields
  5638 | D:10     | Found a sparkling altar of Nemelex Xobeh.
  5700 | D:10     | Reached skill level 4 in Transmutations
  5955 | D:11     | Noticed Grum
  5970 | D:11     | Killed Grum
  5977 | D:11     | Noticed a green ugly thing
  6002 | D:11     | Killed a green ugly thing
  6009 | D:11     | Noticed a skeletal warrior
  6138 | D:11     | Noticed Gastronok
  6212 | D:12     | Noticed a manticore
  6290 | D:11     | Learned a level 1 spell: Animate Skeleton
  6417 | D:11     | Reached skill level 1 in Necromancy
  6447 | D:11     | Reached skill level 2 in Necromancy
  6513 | D:11     | Noticed a skeletal warrior
  6673 | D:11     | Noticed a skeletal warrior
  6674 | D:11     | Noticed a skeletal warrior
  6949 | D:8      | Bought a scroll of identify for 26 gold pieces
  6949 | D:8      | Bought a potion of lignification for 39 gold pieces
  6994 | D:8      | Reached skill level 3 in Necromancy
  7142 | D:9      | Reached skill level 4 in Necromancy
  7323 | D:11     | Noticed a two-headed ogre
  7329 | D:11     | Killed a two-headed ogre
  7497 | D:12     | Killed a manticore
  7506 | D:12     | Noticed a two-headed ogre
  7654 | D:12     | Noticed a cyclops
  7667 | D:12     | Killed a cyclops
  7668 | D:12     | Reached skill level 13 in Axes
  7668 | D:12     | Reached XP level 12. HP: 47/97 MP: 12/12
  7734 | D:12     | Reached skill level 5 in Transmutations
  8014 | D:12     | Reached skill level 10 in Fighting
  8242 | D:12     | Killed a two-headed ogre
  8247 | D:12     | i wish lair and orc generated in this game
  8247 | D:12     | no vaults, no nothing
  8247 | D:12     | probably some desolate stairs in some fucked up corner in
                  | those retarded fuzzy layouts
  8247 | D:12     | 8k turns already
  8733 | D:10     | Found a staircase to the Lair.
  8739 | D:10     | exactly, a corridor hidden behind a corner in a fuzzy
                  | layout
  8739 | D:10     | fun fun fun fun
  8836 | D:9      | Found a hide-covered altar of Uskayaw.
  8925 | D:9      | Found a staircase to the Orcish Mines.
  8929 | D:9      | and this one is in a fucking corner too
  8929 | D:9      | of course
  8932 | Orc:1    | Entered Level 1 of the Orcish Mines
  9011 | Orc:2    | Entered Level 2 of the Orcish Mines
  9011 | Orc:2    | Found a staircase to the Elven Halls.
  9021 | Orc:2    | Reached skill level 6 in Transmutations
  9233 | Orc:2    | Found Koym's General Store.
  9233 | Orc:2    | Noticed an iron troll
  9233 | Orc:2    | Noticed a two-headed ogre
  9234 | Orc:2    | Noticed an ogre mage
  9286 | Orc:2    | Paralysed by something for 4 turns
  9297 | Orc:2    | Killed an ogre mage
  9298 | Orc:2    | Reached skill level 14 in Axes
  9311 | Orc:2    | Killed an iron troll
  9347 | Orc:2    | Noticed a two-headed ogre
  9363 | Orc:2    | Killed a two-headed ogre
  9428 | Orc:2    | Noticed an ogre mage
  9462 | Orc:2    | Killed an ogre mage
  9463 | Orc:2    | Reached XP level 13. HP: 63/105 MP: 13/13
  9537 | Orc:2    | Reached skill level 7 in Transmutations
  9548 | Orc:2    | Reached skill level 11 in Fighting
  9585 | Orc:2    | Reached skill level 15 in Axes
  9802 | Orc:2    | Noticed an ettin
  9811 | Orc:2    | :/
  9840 | Orc:2    | Killed an ettin
  9841 | Orc:2    | Reached skill level 6 in Dodging
  9988 | Orc:2    | Found Mujoilov's Assorted Antiques.
  9990 | Orc:2    | Found Qasoeg's Distillery.
  9991 | Orc:2    | Found Keonku Bohu's Armour Emporium.
  9993 | Orc:2    | Bought a scroll of identify for 30 gold pieces
 10005 | Orc:2    | nice chain mail
 10005 | Orc:2    | with fucking rf-
 10005 | Orc:2    | oh it doesn't show if it's in a shop
 10005 | Orc:2    | +8 rf- str+4 int+5
 10010 | Orc:2    | it's mostly shit btw
 10010 | Orc:2    | Bought a scroll of teleportation for 108 gold pieces
 10010 | Orc:2    | Bought a scroll labelled QOIRPH UROGIFEIRAOL for 36 gold
                  | pieces
 10174 | Orc:2    | Reached skill level 8 in Transmutations
 10248 | Orc:2    | Bought a potion of haste for 140 gold pieces
 10248 | Orc:2    | Bought 2 potions of heal wounds for 140 gold pieces
 10248 | Orc:2    | Bought a potion of heal wounds for 70 gold pieces
 10248 | Orc:2    | Bought a potion of haste for 140 gold pieces
 10248 | Orc:2    | Bought a potion of might for 56 gold pieces
 10251 | Orc:2    | Bought a twisted buckler for 304 gold pieces
 10251 | Orc:2    | Identified the +1 buckler of Wonder {Harm rN+} (You bought
                  | it in a shop on level 2 of the Orcish Mines)
 10251 | Orc:2    | Bought an ichor-stained ring mail for 288 gold pieces
 10251 | Orc:2    | Identified the +2 ring mail of Fuqianeu {Contam Int+4} (You
                  | bought it in a shop on level 2 of the Orcish Mines)
 10251 | Orc:2    | Bought a warped ring mail for 288 gold pieces
 10251 | Orc:2    | Identified the +3 ring mail of the Barber Surgeon {MP-9
                  | Str+4 Int+8 Stlth+} (You bought it in a shop on level 2 of
                  | the Orcish Mines)
 10251 | Orc:2    | Bought a warped ring mail for 288 gold pieces
 10251 | Orc:2    | Identified the +4 ring mail of the Louse {Will- Dex+5} (You
                  | bought it in a shop on level 2 of the Orcish Mines)
 10276 | Orc:2    | Reached skill level 7 in Dodging
 10474 | Orc:1    | Found Teunumytz's Weapon Emporium.
 10575 | Orc:1    | Found a transporter.
 10576 | Orc:1    | Noticed Kuippoag's ghost (journeyman DrBe)
 10693 | Orc:1    | Found a transporter.
 10795 | Orc:1    | Bought the +4 war axe "Xuerghas" {flame, rCorr Int+2
                  | Stlth-} for 583 gold pieces
 10795 | Orc:1    | had to buy this
 10933 | Lair:1   | Entered Level 1 of the Lair of Beasts
 11101 | Lair:2   | Noticed a seven-headed hydra
 11112 | Lair:2   | Killed a two-headed hydra
 11113 | Lair:2   | Reached skill level 8 in Dodging
 11209 | Lair:2   | Noticed a boulder beetle
 11241 | Lair:2   | Killed a boulder beetle
 11242 | Lair:2   | Reached skill level 12 in Fighting
 11378 | Lair:2   | Reached XP level 14. HP: 103/115 MP: 5/14
 11520 | Lair:3   | Reached skill level 9 in Transmutations
 11639 | Lair:3   | Found a staircase to the Shoals.
 11682 | Lair:3   | Found a gate leading to a gauntlet.
 11695 | Gauntlet | Entered a Gauntlet
 11695 | Gauntlet | Found a transporter.
 11695 | Gauntlet | Found a transporter.
 11696 | Gauntlet | Found a transporter.
 11698 | Gauntlet | Found a transporter.
 11699 | Gauntlet | Found a transporter.
 11699 | Gauntlet | Found a transporter.
 11725 | Gauntlet | Found a transporter.
 11726 | Gauntlet | Found a transporter.
 11804 | Gauntlet | Identified the +0 pair of gloves of Insurance {Contam rPois
                  | Will+++ Regen+}
 11805 | Gauntlet | wow
 11816 | Gauntlet | it sucks they're +0
 11816 | Gauntlet | but i sure as hell won't be taking it off
 11825 | Gauntlet | Found a transporter.
 11839 | Gauntlet | Found a transporter.
 11971 | Gauntlet | oh
 11971 | Gauntlet | i didn't check it properly huh
 11971 | Gauntlet | Found a transporter.
 12014 | Gauntlet | Identified the amulet of Doubts {Acrobat rC+}
 12021 | Gauntlet | better than what i had (i.e. nothing)
 12027 | Gauntlet | Found a transporter.
 12032 | Gauntlet | oh, there was a randart helmet on the other path
 12032 | Gauntlet | and two scarves
 12042 | Gauntlet | Noticed a minotaur
 12067 | Gauntlet | Killed a minotaur
 12068 | Gauntlet | Reached skill level 16 in Axes
 12485 | Lair:4   | Found a radiant altar of Vehumet.
 12511 | Lair:4   | Reached skill level 10 in Transmutations
 12548 | Lair:4   | Noticed Kirke
 12565 | Lair:4   | Noticed a sphinx
 12586 | Lair:4   | Killed Kirke
 12702 | Lair:5   | You fall into a shaft and drop 1 floor!
 12702 | Lair:6   | Entered Level 6 of the Lair of Beasts
 12738 | Lair:6   | i want a source of rf
 12738 | Lair:6   | relec would be nice too but i don't expect to find it here
 12747 | Lair:6   | Reached skill level 13 in Fighting
 12910 | Lair:6   | Reached XP level 15. HP: 88/123 MP: 6/15
 13063 | Lair:6   | Reached skill level 17 in Axes
 13684 | Lair:6   | tough luck
 13746 | Lair:5   | Reached skill level 11 in Transmutations
 13936 | Shoals:1 | Entered Level 1 of the Shoals
 14115 | Shoals:2 | oh right, this one will be difficult
 14169 | Shoals:2 | Reached skill level 18 in Axes
 14169 | Shoals:2 | Found a frozen archway.
 14218 | IceCv    | Entered an ice cave
 14226 | IceCv    | Reached skill level 14 in Fighting
 14344 | IceCv    | Noticed a white very ugly thing
 14366 | IceCv    | HP: 17/126 [white very ugly thing (13)]
 14393 | IceCv    | ex dee
 14487 | Shoals:2 | HP: 16/126 [sea snake (14)]
 14523 | Shoals:1 | nice net you fuckers
 14673 | Shoals:1 | Reached XP level 16. HP: 133/133 MP: 7/16
 14678 | Shoals:1 | Found Bab Acwo's Assorted Antiques.
 14714 | Shoals:1 | Reached skill level 1 in Spellcasting
 14722 | Shoals:1 | Reached skill level 12 in Transmutations
 14748 | Shoals:1 | Bought a scroll of identify for 68 gold pieces
 14748 | Shoals:1 | Bought a scroll of magic mapping for 119 gold pieces
 14748 | Shoals:1 | Bought a scroll of identify for 68 gold pieces
 14809 | Shoals:1 | Got Jeukhe's Compendium of the Blaze and Flight
 14884 | Shoals:1 | Reached skill level 2 in Spellcasting
 15104 | Shoals:3 | Reached skill level 3 in Spellcasting
 15126 | Shoals:3 | Noticed Polyphemus
 15233 | Shoals:3 | You are suddenly yanked towards a nearby monster!
 15382 | Shoals:4 | Entered Level 4 of the Shoals
 15383 | Shoals:4 | ...?
 15383 | Shoals:4 | looks like a fucking suicide tbh
 15383 | Shoals:4 | rune in sight, in the open
 15383 | Shoals:4 | a wind drake, javelineer and 2 satyrs
 15383 | Shoals:4 | and that's turn one, there's probably more shit waiting to
                  | show up because it's fucking open
 15383 | Shoals:4 | there are weeds instead of walls
 15383 | Shoals:4 | is this new? i don't remember seeing it before
 15410 | Shoals:4 | HP: 12/134 [merfolk javelineer/javelin (18)]
 15416 | Shoals:4 | Reached skill level 4 in Spellcasting
 15416 | Shoals:4 | HP: 2/134 [merfolk javelineer/javelin (20)]
 15418 | Shoals:3 | ez
 15541 | Shoals:3 | Reached skill level 15 in Fighting
 15790 | Shoals:4 | Reached skill level 13 in Transmutations
 15840 | Shoals:4 | Identified the +12 short sword "Toejom" {vorpal, Fly rPois
                  | Str+3}
 15867 | Shoals:4 | Reached skill level 5 in Spellcasting
 15898 | Shoals:4 | wait, are these all open now?
 15898 | Shoals:4 | there might have been a change like this, now that I think
                  | about it
 15934 | Shoals:4 | huhhhh
 15938 | Shoals:4 | Identified the +0 crystal plate armour of Forking Paths
                  | {rPois rF++ rC+ SInv}
 15939 | Shoals:4 | >+0
 16012 | Shoals:4 | Got a barnacled rune of Zot
 16122 | Shoals:4 | HP: 31/204 [merfolk (11)]
 16122 | Shoals:4 | Slain by a faun

Illustrated notes ##### #.@.# #...# #...# #...# #.#.# #. .# #. .# #. .# Turn 0 on D:1: actually i should have played that one .........†..^#.....## ###...#######.#####.## ####.## ##.#.....#.## ##.#.# ##...........## #....#####.#.........#.# ..........#...........# #...#####.#.....≈.....# ##.## # #....≈.≈....# .... #....≈@≈....# #####. #.....≈.....# # #.#.........#.# .....#.......#.# #####.#.....#.## #..##.##.## #.#.... ## #.#...## #.#..## Turn 432 on D:2: vehumet let' sgo .........†..^#.....## ###...#######.#####.## ####.## ##.#.....#.## ##.#.# ##...........## #....#####.#.........#.# ..........#...........# #...#####.#.....≈.....# ##.## # #....≈.≈....# .... #....≈@≈....# #####. #.....≈.....# # #.#.........#.# .....#.......#.# #####.#.....#.## #..##.##.## #.#.... ## #.#...## #.#..## Turn 433 on D:2: what, again .>##........## #.............# #.# .. #.##..........# #.# #. #>##........$$# #.# .# #.##..........# #.## ..## #.#...........# #..## ..# #.#.#.........## ##...# #.# #.#)##......#..# ...#.####.####.)@..#####...∩##### ....∩..........#.#.######.#.#...# ####.#.###.##..#.......##.#.....# # #...# #.#..########...)......# ##### #...## ####.###...# ##### #..##...# ##.###### #....#### #......<. Turn 1171 on D:3: man those armor shops #.# ###..)..###........#.# ..# #####..#...........## ..## #...............# #..## #.#...........#.... #...####### #.#...........# ##. #>........# #.#...........# #.#.#####...#.##.........## #.#..# #...>##........## #.##.### #...@.........# #.##...# #.##..........# #.####.# #>##........$$# #.# #.## #.##..........# #.## #..## #.#...........# #..####..# #.#.#.........## #...# ##.# #.#)##......#..# ..#.####.####.)∩..#####...∩##### ...∩..........#.#.######.#.#...# Turn 1367 on D:3: ok, so polymorph is great against gnolls #...............# #.#...........#.... ## #.#...........# ##. .# #.#...........# ...#.##.........## #...>##........## #.............# #.##..........# #>##........[@# #.##..........# # #.#...........# # #.#.#.........## # #.#)##......#..# ####.)∩..#####...∩##### .....#.#.######.#.#...# .##..#.......##.#.....# .#..########...)......# Turn 1378 on D:3: i might have known that in the past #.......# #.......# ####......^# ...........# ####.......# ####.......# ...........# ....##..########## ..#####.........@# ..# ##.........# ..# ##........# ..# ##..###### ### #..## ### ##.## ..# #..# #.# #.## #.# #.# Turn 1759 on D:3: huhhh ..##...#.#.##..# #.#.#...##..# #..<###....# ##.#####....# .........##.# ######.......# ####.##.# #.##.# #.@..# ###### Turn 1794 on D:4: in other words, gozag can be fine, if you get a decent shop at d:3 ##.### #.#.# ##.# #.# #.## ##.# #.## #..##### ##@....## ##......## #........###... ##.........#.... #...[......#..?. #....)....##.... ##.........#..... #..........#..... # #..........#..>..#### Turn 2425 on D:5: nice rpois ##..#........... ########...#........... ...........##.......... #####..#..##.......... ####..##..#.......... #.................... #.................... ##.......#........... ###@...##..)........ #....##........... .....##........... W@...###........... ..T#=.# #........... .... ........##....## ##W.. ##...#...#...## #... ..##..###.## ..# Turn 5460 on D:10: ugh ...# #...##.................# . ...# #...##.......)...###...# . ...# #...##.......#...# #...# ...# #...##.......#...# #...# ...# #...##.......#...# #.)... ...# .##.......#...# #....). ...# ..##.......#...# #..##### ...####...##.....<.#...# #..# ..........##....@.)#...# #..# ..........##.......# O.........##.......# ...####...##..###..# .O.# #...##..# #..# ...# #.......# #..# ...# #.......# #..# ...# #.......# #... ...# #.......# .. Turn 8247 on D:12: i wish lair and orc generated in this game ####### ##PPPPP## #PPPPP..# #P...PP.## #P.>.PPP.# #P$.lPP..## #PPPPP@...# #PPPPP.P..# #PPPPP....# #PPP....#.# #PPP....#.# ##PP...##.# ##...###.# ##.####.# #......# Turn 8739 on D:10: exactly, a corridor hidden behind a corner in a fuzzy layout ####..##..# ##...##### ## .##..## #..# #..### ....## #..####..# ##>.# #...#.### ##...#####....## #........##.(#### #..###..........# #..# ###...####.# ##.## #..## #@# #..# #..# #.# #..# ##.## #># # ...## #..# ### #### ....####.## #..# ###...#..# ###... ##.....# ###..... ###..## ##......# ##.## #......## Turn 8929 on D:9: and this one is in a fucking corner too .........###..............#.# ∩ ............................. .. #....................)..... .##.##.#$C.#..............#)).. ..........................)#..# O.........................####. O.........................###.. ....#...........)..........>##. ... #.........@..............#. .. .............<.............. ...........................#. ............................. OO..................)......... ...................#...... ................<))..)... .............).....))... ##..##.....#.......... Turn 9811 on Orc:2: :/ .. ##..........##### .. #............##.## ..#.#.∩............... ............∩.......... ..##.##........##...... # #.......##.##.#)). ##................. #.................. #.@................ #...........#...... #...........#...... ##................. .................. #...∩.............. #.................. #..........#....... ...... Turn 10005 on Orc:2: nice chain mail # #.......##.##.#)).#. ##................... #.................... #.∩.................. #...........#........ #...........#........ ##................... #.................... #...@................ #.................... #..........#......... ##..#......# ........ #####...... #....... #....# .##.. ##### #..) ##... #.))# Turn 10010 on Orc:2: it's mostly shit btw #..................# ##..........#.....## #...........#......# ##..^............... #...............#.. ##............#..#.. ### ###..8..#...#......... #####.#####.#.............##.... ##..#....##.....@............##.# #....#....##.#.........#......### ##...#.#...#....>.....###....## ##............#....### #.#...# ##...##.......8...# .....## #...#.#..........# #.#.## #........##......# ##### ##........##.....# ##.###....##.#... Turn 10795 on Orc:1: had to buy this ###..#...)#..#[#§§.#YY......^#. #8#..#...#..#..#...#Y######^.#. ###..#..#..#..########....##.## #..#.#..#..#.#...##.####.#.#. #.©##.©#P.#.©#©.©#.# ©.##. #8#..#.#P.#..#.#...#.#.# .# ###..#..#P.#P.######.# .. #..#...#P.#..#...#.^ # #..#....#..#@#.8.#p.. 8#..###########...### ##................... #≈.................. ############### #8 #8 8# # ## ## Turn 11805 on Gauntlet: wow ###..#...)#..#[#§§.#YY......^#. #8#..#...#..#..#...#Y######^.#. ###..#..#..#..########....##.## #..#.#..#..#.#...##.####.#.#. #.©##.©#P.#.©#©.©#.# ©.##. #8#..#.#P.#..#.#...#.#.# .# ###..#..#P.#P.######.# .. #..#...#P.#..#...#.^ # #..#....#..#@#.8.#p.. 8#..###########...### ##................... #≈.................. ############### #8 #8 8# # ## ## Turn 11816 on Gauntlet: it sucks they're +0 .§.............≈...... ≈8≈...........≈8§....... .≈.............≈........ ...###########...####### ...#.|......^#...#....b. ...#[######^.#...#≈≈≈.≈≈ ######....##.#####..≈≈§§ ...##.####)#.#...#b...§≈ $ ©.©#.##.©.##.#©.@#b≈§..§ ...#.#.####.##...#b.≈.≈b ####.##....#######≈..≈.§ ...#.^######©#...#.≈≈..≈ .8.#^.......##.8.#..h§§. ...###########...####### ........................ ........................ #################### Turn 11971 on Gauntlet: oh ##.#####z# .s.#...#.##zzz##z#..#.8. #sy#...#......zzz#..#... ####...###########..#... .....≈.............≈#.©. ....≈8§............∩#... .....≈.............≈#.©. ####...###########..#... ..^#...#....≈...@#..#... #^.#...#≈≈§.≈≈.≈≈#..#.8. ##.#####..≈≈..≈..#..#... )#.#...#....≈≈.≈.#..#.8. ##.#©.©#.≈≈..§..©#..#... #.##...#≈.≈.≈≈...#..#§8§ .#######≈..§..§§§#..#### ##©#...#.≈≈..§§§§#..# ..##.8.#..©≈≈....#..# Turn 12021 on Gauntlet: better than what i had (i.e. nothing) 8.#.. ..#.. ..#.##^ #.#.. ###.#.# .#.#..##### ..#.z## #.z#..#≈8§# .©#z.#z #.z#..#...# # ..#zz# #.$#..#.8.# .. ###z# #z#..#...##.# ..#.##..z##z#..#@8....# ..#..zzzzzzz#..#...##.# . ..###########§.#...# .. ≈............§≈#.©.##.# 8§...........§∩#......# ≈.............≈#.©.##.# ..###########..#...# .. ..#...§§§.§§#..#...# # ..#≈≈≈.§≈.≈§#..#.8.. Turn 12032 on Gauntlet: oh, there was a randart helmet on the other path ⌠.....⌠.......# .........P....# .. ##.....#....... ..## #.....#........ ....# ###....##P....... #....###....## #........ #....⌠....# ##....... #.......# #....... ..##..<@.#### ##....... ....#...#.#.####.......P .........#.#....P....... P......................P .#..........P.#......... #.......###....#....... ##......# ##...#.....P. #......## #...#.#.....# .......#. .............. Turn 12738 on Lair:6: i want a source of rf

#......###......## #...#.#.....##
......#........#.................
.................................
.............#............P.....#
.........#... #P.................
#....#..#.... #P.................
........#.....##.................
..P.##P..........................
................@................
.................................
#.....#PP........................
####....PP..≈.≈..PP..............
######..≈≈PP≈≈♣...##....P....
#..≈≈P≈P≈♣#..###.P..P...
####♣≈≈≈♣##..# #..P#P... #P≈♣#
#### ######..# ####


Turn 13684 on Lair:6: tough luck #.......# #.... ....##.#...≈ .u.....≈###...#
.....#...≈≈ .......≈##...≈####...≈#.≈≈≈≈ .......≈##..≈≈##≈≈≈.....≈PP≈
..#....≈##..≈≈≈≈≈≈≈...≈..P.≈ ......!≈##..≈≈≈≈≈≈≈...≈...P≈
..#....≈#.......≈≈.).≈#...≈≈ ........##≈...≈≈≈...#.≈.#..≈
#..........@........##≈##.≈≈ ........≈≈.≈≈.....≈###....≈≈
......P≈≈≈..≈.≈≈≈≈≈##≈≈...≈≈ ......≈PP≈....≈≈≈≈#≈≈.≈≈.≈≈≈
.....≈PPPPP....PP..≈PP≈≈≈≈≈≈ ≈..≈≈≈≈≈PP≈.......PPPPPP≈≈≈≈
≈≈≈≈≈P≈P≈≈≈≈.PP.P≈PP≈PP≈≈≈≈≈ ≈≈≈≈≈≈≈≈P≈≈P≈P≈PP≈≈≈≈P≈≈≈≈≈
≈≈≈≈≈≈≈≈≈≈≈≈≈≈≈≈≈≈≈≈≈≈≈≈≈≈ Turn 14115 on Shoals:2: oh right, this one will be
difficult # ##. ##.. #### #... ##..###### ##.. ##....##..## ###...
#..........###..... #.@.∩.......#...... #.......##..u.##... ##....#####..####..
##..## #..## #... #### ≈≈≈≈≈# ##.. #≈≈≈≈≈≈≈ ##. #≈≈≈≈≈## ## #≈#≈## # ##.. Turn
14393 on IceCv: ex dee ≈≈...≈≈≈≈....≈≈≈≈≈≈ ≈≈≈.≈≈≈≈≈.....≈≈≈≈≈
≈≈≈≈≈≈≈<.......≈≈≈≈ ≈≈≈≈≈.....###..≈≈≈≈ ≈≈≈≈.##...# ..≈≈≈≈ ≈≈≈≈.###..###...≈≈≈
≈≈.≈≈............≈≈ ≈...≈..≈≈≈.....#.≈≈ ≈.......≈≈≈@....P≈P .#.....≈≈≈≈≈≈PPPP
......≈≈≈≈≈≈≈PPP≈ ≈≈≈≈≈≈≈≈≈≈≈≈≈PPP≈ ≈≈≈≈≈≈≈≈≈≈≈≈≈≈≈≈≈ ≈≈≈≈≈≈≈≈≈≈≈≈≈≈P≈
≈≈≈≈≈≈≈≈≈≈≈≈≈≈≈ ≈≈≈≈≈≈≈≈≈≈≈≈≈PP Turn 14523 on Shoals:1: nice net you fuckers
≈.$.....P≈Pc... ........PPP...c .........P.S.φ. ............km. .........P.....
.......<.P....P .........PP.##P ≈......@....PPP ≈≈...........≈≈ ≈≈≈.........≈≈≈
.≈≈......≈≈≈≈≈≈ .m≈.....≈≈≈≈≈≈≈ .........≈≈≈≈≈≈ .........≈≈≈≈≈≈ .........≈≈≈≈≈≈
Turn 15383 on Shoals:4: ...? ≈≈≈≈≈........≈....^...##P.≈≈≈≈≈≈≈
≈≈≈........≈≈≈≈≈≈..PP.PPP.≈≈≈≈≈≈P ≈≈≈..........≈≈≈≈.####.P.≈≈≈≈≈≈≈.
≈≈≈≈≈...≈≈.#..≈≈≈.####.≈.+0

Levels and vault maps discovered:
D:1:      wheals_arrival_shading, layout_basic, hangedman_feature_mirror,
          minmay_pentomino_q4
D:2:      layout_loops_ring, shapermc_ecumenical_altar_starsandcircs,
          kennysheep_cluttered_room
D:3:      layout_rooms, serial_shops, nicolae_shop_crystal,
          nicolae_shop_crystal, shop, shop
D:4:      layout_basic, uniq_crazy_yiuf_cottage
D:5:      layout_cave_pods, mainiacjoe_overflow_tiny_flanked,
          minmay_temple_entry_crystal_x, uniq_prince_ribbit1, uniq_duvessa
D:6:      minmay_razor_zed, layout_layer_cave, nzn_hepliaklqana_mist_gate
D:7:      layout_loops_ring, serial_shops, nicolae_square_shop,
          hangedman_decor_peaks_small
D:8:      layout_cave_pools, serial_shops, shop, shop
D:9:      minmay_bubble_buster, layout_layer_cave, nicolae_uskayaw_dance_studio,
          orc_0_dummy, grunt_ministairs_9
D:10:     layout_cave_pools, old_standard_altar, david_lair_shrubbed,
          uniq_josephine
D:11:     layout_stronghold, minivault_13, uniq_grum, uniq_gastronok
D:12:     layout_long_grid, kennysheep_generic_room_2
Temple:   regret_index_temple_mists
Lair:1:   layout_roguey, serial_bayou_lagoon_a
Lair:2:   layout_chaotic_city, kennysheep_abandoned_house, lemuel_fruit_tree
Lair:3:   layout_small_grid, minmay_shoals_entry_centaurs,
          minmay_snake_entry_guardpost_medium, gauntlet_entry_generic,
          grunt_megastairs_4
Lair:4:   layout_hall_layers, basic_altar, uniq_kirke, uniq_nessos
Lair:5:   layout_regular_city, dpeg_slime_entry_corner
Lair:6:   minmay_lair_end_enchanted_forest, layout_gridlike, grunt_megastairs_5,
          lemuel_fruit_fields, serial_bayou_shore_b, serial_bayou_shore_b
Shoals:1: layout_shoals, serial_shops, nicolae_square_shop, ldierk_geyser,
          yaktaur_hedge
Shoals:2: layout_shoals, portal_ice_cave_entry_ugly_swarm,
          nicolae_shoals_land_atoll
Shoals:3: layout_shoals, uniq_polyphemus
Shoals:4: shoals_end_grunt_garden, layout_shoals
Orc:1:    layout_caves, serial_shops, shop_statue, gammafunk_ghost_stat_death
Orc:2:    st_orc_open, layout_caves

Skill      XL: |  1  2  3  4  5  6  7  8  9 10 11 12 13 14 15 16 |
---------------+-------------------------------------------------+-----
Axes           | 4 5 6 8 10 12 13 14 15 16 18 | 18.0
Fighting       | 7 9 10 12 13 14 15 | 15.4
Dodging        | 5 8 |  8.0
Transmutations | 3 4 6 8 10 11 13 | 13.2
Shields        | 4 |  4.0
Necromancy     | 4 |  4.0
Spellcasting   | 5 |  5.4
Throwing       | |  2.3

Action                   |  1- 3 |  4- 6 |  7- 9 | 10-12 | 13-15 | 16-18 || total
-------------------------+-------+-------+-------+-------+-------+-------++-------
Melee: War axe           |    61 |    93 |       |       |   709 |   345 ||  1208
       Hand axe          |       |    35 |   225 |   549 |   477 |       ||  1286
 Fire: Hunting sling     |       |       |    11 |     6 |     2 |       ||    19
       Shortbow          |       |       |       |     4 |       |       ||     4
Throw: Throwing net      |     2 |     5 |       |       |       |       ||     7
       Dart              |       |       |       |     6 |     7 |       ||    13
 Cast: Wereblood         |       |       |       |       |     1 |       ||     1
Invok: Call Merchant     |       |       |       |       |     1 |       ||     1
       Potion Petition   |       |       |       |       |     2 |     2 ||     4
Evoke: Wand              |       |     2 |     7 |     7 |     8 |       ||    24
  Use: Potion            |       |     2 |     3 |     3 |     7 |     4 ||    19
       Scroll            |       |     1 |     7 |    15 |     6 |     6 ||    35
 Stab: Held in net/web   |     1 |     2 |       |       |       |       ||     3
       Distracted        |       |     1 |     1 |     9 |    14 |     5 ||    30
       Paralysed         |       |       |       |       |     2 |       ||     2
       Sleeping          |       |       |       |       |     2 |       ||     2
       Petrified         |       |       |       |       |       |     5 ||     5
       Petrifying        |       |       |       |       |       |     2 ||     2
Armor: Scale mail        |    30 |    49 |    77 |   177 |    19 |       ||   352
       Ring mail         |       |       |       |       |   234 |    95 ||   329
       Skin              |       |       |       |       |       |     2 ||     2
Dodge: Dodged            |    28 |    85 |   111 |   200 |   533 |   310 ||  1267
Block: Buckler           |       |       |       |    67 |   232 |   133 ||   432

Table legend: (Time is in decaauts)
 A = Elapsed time spent in this place.
 B = Non-inter-level travel time spent in this place.
 C = Inter-level travel time spent in this place.
 D = Time resting spent in this place.
 E = Time spent auto-exploring this place.
 F = Levels seen in this place.
 G = Mean time per level.
                   A        B        C        D        E       F      G
               +--------+--------+--------+--------+--------+-----+--------+
         Total |  15851 |  14467 |   1384 |     36 |      0 |  27 |  587.1 |
       Dungeon |   9137 |   7870 |   1267 |     25 |      0 |  12 |  761.4 |
        Temple |      1 |      1 |      0 |      0 |      0 |   1 |    1.0 |
          Lair |   2390 |   2339 |     51 |      0 |      0 |   6 |  398.3 |
        Shoals |   2021 |   2021 |      0 |     11 |      0 |   4 |  505.2 |
  Orcish Mines |   1811 |   1745 |     66 |      0 |      0 |   2 |  905.5 |
      Ice Cave |    144 |    144 |      0 |      0 |      0 |   1 |  144.0 |
      Gauntlet |    345 |    345 |      0 |      0 |      0 |   1 |  345.0 |
               +--------+--------+--------+--------+--------+-----+--------+

Top non-repeatable levels by time:
   Orc:2: 1219 daAuts
    D:11: 1157 daAuts
     D:6: 1064 daAuts
    D:12: 990 daAuts
     D:9: 987 daAuts
    D:10: 922 daAuts
  Lair:6: 913 daAuts
     D:3: 828 daAuts
     D:5: 655 daAuts
Shoals:3: 632 daAuts
     D:2: 631 daAuts
   Orc:1: 592 daAuts
  Lair:3: 541 daAuts
     D:7: 533 daAuts
Shoals:2: 531 daAuts
